 Dungeon Crawl Stone Soup version 0.31-a0-188-g5e087ee2ca (webtiles) character file.

Game seed: 1001408240582419674

14 qw the Shooter (level 2, 0/16 HPs)
             Began as a Deep Elf Hunter on June 22, 2023.
             Slain by a gnoll
             ... wielding a +0 flail
              (2 damage)
             ... on level 2 of the Dungeon.
             The game lasted 00:00:12 (861 turns).

qw the Shooter (Deep Elf Hunter)                     Turns: 861, Time: 00:00:13

Health: 0/16       AC:  5    Str:  8    XL:     2   Next: 31%
Magic:  4/4        EV: 10    Int: 13    God:
Gold:   40         SH:  0    Dex: 18    Spells: 1/1 levels left

rFire   . . .        Y - +0 shortbow
rCold   . . .        (shield currently unavailable)
rNeg    + . .        g - +0 ring mail
rPois   .            (no helmet)
rElec   .            (no cloak)
rCorr   .            (no gloves)
SInv    .            (no boots)
Will    +....        i - amulet of regeneration
Stlth   +            f - ring of positive energy
HPRegen 1.02/turn    j - ring of willpower
MPRegen 0.09/turn

%: no passive effects
@: no status effects
A: no striking features
a: no special abilities


You were on level 2 of the Dungeon.
You visited 1 branch of the dungeon, and saw 2 of its levels.

You collected 40 gold pieces.


   Skills:
 - Level 1.5 Fighting
 + Level 6.1 Ranged Weapons
 - Level 2.4 Dodging
 - Level 1.2 Stealth


You had one spell level left.
You didn't know any spells.
Your spell library was empty.

Inventory:

Hand Weapons
 Y - a +0 shortbow (weapon)
Armour
 g - a +0 ring mail (worn)
Jewellery
 f - a ring of positive energy (left hand)
 i - an amulet of regeneration (around neck)
 j - a ring of willpower (right hand)
Potions
 d - a potion of attraction {unknown}
 h - a potion of resistance {unknown}
 k - a potion of degeneration {unknown}

Dungeon Overview and Level Annotations

Branches:
Dungeon (2/15)

Altars:


Message History

i - an amulet of regeneration (around neck) Done exploring.
826 ||| UPGRADING to ring of positive energy.
f - a ring of positive energy (left hand) Done exploring.
827 ||| UPGRADING to ring of willpower.
j - a ring of willpower (right hand) Done exploring.
828 ||| READING scroll labelled HOIDAASIXT.
As you read the scroll labelled HOIDAASIXT, it dissolves into smoke.
It was a scroll of fog.
Done exploring.
829 ||| DROPPING scroll of butterflies.
You drop a scroll of butterflies.
Done exploring.
(D) Dungeon
Where to? (* - list waypoints, ? - help)
What level of the Dungeon? (default 1, ? - help)
You see here a +0 short sword.
There is a stone staircase leading down here.
You climb downwards.
The gnoll shouts! x2
There is a stone staircase leading up here.
There are monsters nearby!
Waypoint 1 assigned to D:2.
You shoot an arrow. The arrow closely misses the gnoll.
The gnoll shouts!
You shoot an arrow. The arrow closely misses the gnoll.
You shoot an arrow.
The arrow hits the gnoll but does no damage.
The gnoll barely misses you.
You shoot an arrow. The arrow barely misses the gnoll.
The arrow hits the gnoll!
The gnoll is heavily wounded.
The gnoll barely misses you. The gnoll misses you. The gnoll barely misses you.
The gnoll hits you from afar with a +0 halberd.
The gnoll hits you from afar with a +0 spear!
Ouch! That really hurt!
861 ||| STAIRDANCE The gnoll hits you from afar with a +0 spear.
The gnoll hits you with a +0 flail.
You die...

#. . .#
##.####
.......
##.g.....
#..g.....
#@.g.....
#g.......
#........
.........
##.......
.......
.......
.......


You could see 4 gnolls.

Vanquished Creatures
  3 ball pythons (D:1)
  2 endoplasms (D:1)
  A giant cockroach (D:1)
  A kobold (D:1)
  A bat (D:1)
  2 frilled lizards (D:1)
  2 goblins (D:1)
  2 rats (D:1)
14 creatures vanquished.

Notes
Turn   | Place    | Note
-------+----------+-------------------------------------------
     0 | D:1      | qw the Deep Elf Hunter began the quest for the Orb.
     0 | D:1      | Reached XP level 1. HP: 12/12 MP: 3/3
     0 | D:1      | 0 ||| qw: Version: 0.3-a-9-g12657ce
     0 | D:1      | 0 ||| qw: Game counter: 2750
     0 | D:1      | 0 ||| qw: Always use a shield: true
     0 | D:1      | 0 ||| qw: God list: Okawaru
     0 | D:1      | 0 ||| qw: Allow faded altars: false
     0 | D:1      | 0 ||| qw: Do Orc after D:15 true
     0 | D:1      | 0 ||| qw: Do second Lair branch before Depths: true
     0 | D:1      | 0 ||| qw: Lair rune preference: random
     0 | D:1      | 0 ||| qw: Plans: Normal
     0 | D:1      | 0 ||| PLANNING D:1-11
   401 | D:1      | Reached XP level 2. HP: 16/16 MP: 4/4
   539 | D:1      | Reached skill level 6 in Ranged Weapons
   810 | D:1      | 810 ||| UPGRADING to +0 ring mail.
   820 | D:1      | 820 ||| DROPPING +0 leather armour.
   821 | D:1      | 821 ||| UPGRADING to amulet of regeneration.
   826 | D:1      | 826 ||| UPGRADING to ring of positive energy.
   827 | D:1      | 827 ||| UPGRADING to ring of willpower.
   828 | D:1      | 828 ||| READING scroll labelled HOIDAASIXT.
   829 | D:1      | 829 ||| DROPPING scroll of butterflies.
   860 | D:2      | HP: 3/16 [gnoll/+0 spear (8)]
   861 | D:2      | 861 ||| STAIRDANCE
   861 | D:2      | Slain by a gnoll

Levels and vault maps discovered:
D:1:      psy_arrival_radial02, layout_loops_ring, minmay_tetromino_s4
D:2:      layout_rooms

Skill      XL: |  1  2 |
---------------+-------+-----
Ranged Weapons | 6 |  6.1
Fighting       | |  1.5
Dodging        | |  2.4
Stealth        | |  1.2

Action                     || total
---------------------------++-------
   Fire: Shortbow          ||    44
    Use: Scroll            ||     1
 Armour: Leather armour    ||     5
  Dodge: Dodged            ||    10

Table legend:
 A = Non-vault XP
 B = Vault XP
 C = Vault XP percentage of total XP
 D = Non-vault monster count
 E = Vault monster count
 F = Vault count percentage of total count
                 A         B        C        D         E       F
            +---------+---------+-------+---------+---------+-------
      Total |      18 |       3 |  14.3 |      12 |       2 |  14.3
            +---------+---------+-------+---------+---------+-------
        D:1 |      18 |       3 |  14.3 |      12 |       2 |  14.3
            +---------+---------+-------+---------+---------+-------
